 Dungeon Crawl Stone Soup version 0.30-a0-760-g5a9884bb7c (webtiles) character file.

Game seed: 8642448947056244018

169 Spectrina the Poker (level 5, -5/38 HPs)
             Began as a Merfolk Reaver on Feb 11, 2023.
             Killed by an exploding hound (30 damage)
             ... ignited by their inner flame
             ... on level 4 of the Dungeon on Feb 12, 2023.
             The game lasted 00:11:14 (1170 turns).

Spectrina the Poker (Merfolk Reaver)                Turns: 1170, Time: 00:11:15

Health: -5/38      AC:  3    Str: 14    XL:     5   Next: 50%
Magic:  9/9        EV: 12    Int: 13    God:
Gold:   62         SH:  0    Dex: 12    Spells: 4/10 levels left

rFire   . . .      SeeInvis +    b - +2 sling (freeze)
rCold   + . .      Faith    .    (no shield)
rNeg    . . .      Spirit   .    g - +0 leather armour
rPois   .          Reflect  .    (no helmet)
rElec   .          Harm     .    (no cloak)
rCorr   .          Rampage  .    (no gloves)
Will    .....                    (no boots)
Stlth   +                        (no amulet)
HPRegen 0.26/turn                (no ring)
MPRegen 0.11/turn                (no ring)

@: no status effects
A: (nimble swimmer 2), mertail, see invisible, cold resistance 1
a: no special abilities


You were on level 4 of the Dungeon.
You visited 1 branch of the dungeon, and saw 5 of its levels.

You collected 62 gold pieces.

Inventory:

Hand Weapons
 a - a +0 spear
 b - a +2 sling of freezing (weapon)
Missiles
 c - 3 boomerangs
Armour
 g - a +0 leather armour (worn)
Scrolls
 i - a scroll of amnesia {unknown}
 k - a scroll of poison {unknown}
Potions
 e - a potion of haste {unknown}


   Skills:
 - Level 2.1 Fighting
 + Level 6.0 Polearms
 - Level 2.6 Dodging
 + Level 3.2 Spellcasting
 - Level 2.4 Conjurations
 + Level 2.4 Hexes


You had 4 spell levels left.
You knew the following spells:

 Your Spells              Type           Power      Damage    Failure   Level
a - Kiss of Death         Conj/Necr      20%        2d7       17%         1
f - Momentum Strike       Conj/Tloc      10%        3d8       26%         2
p - Inner Flame           Hex/Fire       5%         N/A       45%         3

Your spell library contained the following spells:

 Spells                   Type           Power      Damage    Failure   Level
 Hailstorm                Conj/Ice       5%         3d4       45%         3
 Cause Fear               Hex            4%         N/A       71%         4
 Discord                  Hex            4%         N/A       100%        8


Dungeon Overview and Level Annotations

Branches:
Dungeon (5/15)
 Temple: D:4-7

Altars:


Innate Abilities, Weirdness & Mutations

((You are very nimble when in or above water. (Stealth+, EV+, Speed+++)))
Your lower body shifts to a powerful aquatic tail in water.
You have supernaturally acute eyesight. (SInv)
Your flesh is cold resistant. (rC+)


Message History

You have reached level 5!
You feel clever. The hound barely misses you.
The hound attacks as you move away! The hound closely misses you.
The hound bites you.
A ball python comes into view.
The ball python hisses angrily.
The hound misses you. The hound attacks as you move away! The hound bites you.
A ball python comes into view.
The ball python hisses angrily.
The hound barely misses you.
The hound stops to sniff the ground.
The hound bites you. The hound attacks as you move away!
The hound closely misses you. x2
The hound attacks as you move away! The hound bites you but does no damage.
The hound bites you. The hound attacks as you move away! The hound bites you.
The hound closely misses you. The hound attacks as you move away!
The hound bites you. x2
* * * LOW HITPOINT WARNING * * *
The hound attacks as you move away! The hound bites you.
* * * LOW HITPOINT WARNING * * *
The hound barely misses you.
It was a potion of heal wounds.
You feel much better. The hound bites you but does no damage.
Fire: b) +2 sling (freeze)
Press: ? - help, Q - select action, (/) - cycle Shift-Dir - straight line, f/p - hound
Aim: a hound (moderately wounded, inner flame, 46% to hit)
You shoot a sling bullet. The sling bullet hits the hound.
Flame seeps out of the hound.
The sling bullet freezes the hound.
Flame seeps out of the hound.
The hound is severely wounded.
The hound is engulfed in blazing flames.
The hound explodes!
The fiery explosion engulfs the ball python!!!
You kill the ball python!
The fiery explosion engulfs you!!
Ouch! That really hurt!
You die...

####..##.###.###..#.#.#.
..............+.........
..............#.#.##....
.........S........#.....
...........S..#.#.....#.
######S##..S...........
#§##..#.#.#...#.#.
#○#......#........
#@#.#.#.#.#.#.#.#.
#.................
##....############
######


You could see a ball python.

Vanquished Creatures
  A necrophage (D:4)
  A hound (D:4)
  An iguana (D:4)
  6 adders
  A worm (D:3)
  2 orcs (D:4)
  5 bats
  2 endoplasms
  A giant cockroach (D:3)
  3 hobgoblins
  A quokka (D:2)
  6 ball pythons
  3 frilled lizards
  2 goblins
35 creatures vanquished.

Notes
Turn   | Place    | Note
-------+----------+-------------------------------------------
     0 | D:1      | Spectrina the Merfolk Reaver began the quest for the Orb.
     0 | D:1      | Reached XP level 1. HP: 16/16 MP: 3/3
   156 | D:2      | Reached XP level 2. HP: 22/22 MP: 5/5
   324 | D:4      | Noticed a necrophage
   450 | D:2      | Reached skill level 5 in Polearms
   450 | D:2      | Reached XP level 3. HP: 14/24 MP: 4/6
   553 | D:3      | Reached skill level 1 in Hexes
   685 | D:2      | Learned a level 2 spell: Momentum Strike
   689 | D:2      | Learned a level 3 spell: Inner Flame
   907 | D:3      | Reached XP level 4. HP: 19/26 MP: 7/7
   965 | D:5      | Entered Level 5 of the Dungeon
   968 | D:4      | Gained mutation: Your flesh is cold resistant. (rC+)
                  | [potion of mutation]
   968 | D:4      | Gained mutation: You have supernaturally acute eyesight.
                  | (SInv) [potion of mutation]
  1148 | D:4      | Killed a necrophage
  1149 | D:4      | Reached skill level 6 in Polearms
  1149 | D:4      | Reached XP level 5. HP: 29/38 MP: 9/9
  1170 | D:4      | Killed by an exploding hound... ignited by their inner
                  | flame

Illustrated notes

Levels and vault maps discovered:
D:1:      lemuel_arrival_muddy, layout_loops_ring, minmay_misc_feat_diagonals
D:2:      layout_basic, serial_shops, nicolae_shop_statue_plus,
          hangedman_abyss_or_decor_lesser_grid
D:3:      minmay_chambers_of_twos, layout_rooms,
          hangedman_decor_clover_reticule, minmay_misc_feat_columns
D:4:      layout_gridville, mainiacjoe_overflow_alcove_3,
          nicolae_overflow_two_pavilions, hangedman_decor_riveting,
          minmay_distorted, uniq_pikel
D:5:      layout_gridville, elyvilon_altar_5, uniq_menkaure

Skill      XL: |  1  2  3  4 |
---------------+-------------+-----
Polearms       | 5 6 |  6.0
Hexes          | 1 2 |  2.4
Spellcasting   | 3 |  3.2
Fighting       | |  2.1
Dodging        | |  2.6
Conjurations   | |  2.4

Action                     |  1- 3 |  4- 6 || total
---------------------------+-------+-------++-------
  Melee: Spear             |    62 |       ||    62
         Unarmed           |       |     7 ||     7
   Fire: Sling             |     6 |    26 ||    32
  Throw: Boomerang         |    37 |       ||    37
   Cast: Kiss of Death     |     3 |       ||     3
    Use: Potion            |       |     3 ||     3
         Scroll            |       |     1 ||     1
 Armour: Leather armour    |    16 |     7 ||    23
         Skin              |       |     8 ||     8
  Dodge: Dodged            |    42 |    24 ||    66

Table legend: (Time is in decaauts)
 A = Elapsed time spent in this place.
 B = Non-inter-level travel time spent in this place.
 C = Inter-level travel time spent in this place.
 D = Time resting spent in this place.
 E = Time spent auto-exploring this place.
 F = Levels seen in this place.
 G = Mean time per level.
                   A        B        C        D        E       F      G
               +--------+--------+--------+--------+--------+-----+--------+
         Total |   1184 |   1132 |     52 |     25 |      0 |   5 |  236.8 |
       Dungeon |   1184 |   1132 |     52 |     25 |      0 |   5 |  236.8 |
               +--------+--------+--------+--------+--------+-----+--------+

Top non-repeatable levels by time:
     D:2: 501 daAuts
     D:3: 379 daAuts
     D:1: 152 daAuts
     D:4: 149 daAuts
     D:5: 1 daAuts
